 Dungeon Crawl Stone Soup version 0.29-a0-2-g12fcac58f8 (webtiles) character file.

Game seed: 15599664564721519143

121 croobank the Firebug (level 4, 0/33 HPs)
             Began as a Draconian Fire Elementalist on Jan 27, 2022.
             Killed by divine providence
             ... invoked by an orc priest
              (16 damage)
             ... on level 3 of the Dungeon.
             The game lasted 00:06:02 (2411 turns).

croobank the Firebug (Draconian Fire Elementalist)  Turns: 2411, Time: 00:06:02

Health: 0/33       AC:  5    Str: 10    XL:     4   Next: 76%
Magic:  2/8        EV: 12    Int: 17    God:
Gold:   93         SH:  0    Dex: 12    Spells: 1/8 levels left

rFire   . . .      SeeInvis .   a - +2 short sword (elec)
rCold   . . .      Faith    .   (no shield)
rNeg    . . .      Spirit   .   (armour unavailable)
rPois   .          Reflect  .   (helmet restricted)
rElec   .          Harm     .   (no cloak)
rCorr   .          Rampage  .   (no gloves)
Will    .....                   (no boots)
Stlth   ++........              (no amulet)
HPRegen 0.11/turn               (no ring)
MPRegen 0.11/turn               (no ring)

@: no status effects
A: AC +5, unfitting armour, cold-blooded
a: no special abilities


You were on level 3 of the Dungeon.
You visited 1 branch of the dungeon, and saw 3 of its levels.

You collected 93 gold pieces.

Inventory:

Hand Weapons
 a - a +2 short sword of electrocution (weapon)
 b - a +0 mace
 e - a +0 flail
 l - a +0 short sword of freezing
 p - a +4 dagger
Missiles
 f - 84 stones
 i - 14 sling bullets
 j - 21 arrows
 o - 5 javelins
Armour
 r - a +0 buckler
Scrolls
 c - 2 scrolls of identify {unknown}
 k - a scroll of enchant weapon {unknown}
 n - a scroll of noise {unknown}
 q - 2 scrolls of amnesia {unknown}
Potions
 d - a potion of berserk rage {unknown}
 g - a potion of heal wounds {unknown}
 h - 2 potions of haste {unknown}
 m - a potion of degeneration {unknown}


   Skills:
 + Level 2.5 Dodging
 + Level 2.6 Stealth
 + Level 2.6 Spellcasting
 + Level 2.2 Conjurations
 + Level 3.6 Fire Magic


You had one spell level left.
You knew the following spells:

 Your Spells              Type           Power      Damage    Failure   Level
a - Foxfire               Conj/Fire      48%        2x1d6     5%          1
b - Scorch                Fire           28%        2d6       6%          2
c - Flame Wave            Conj/Fire      12%        2d6       47%         4

Your spell library contained the following spells:

 Spells                   Type           Power      Damage    Failure   Level
 Summon Small Mammal      Summ           8%         N/A       19%         1
 Conjure Flame            Conj/Fire      12%        6-21      16%         3
 Inner Flame              Hex/Fire       8%         N/A       26%         3
 Call Canine Familiar     Summ           2%         N/A       50%         3
 Summon Guardian Golem    Hex/Summ       2%         N/A       50%         3


Dungeon Overview and Level Annotations

Branches:
Dungeon (3/15)

Altars:


Innate Abilities, Weirdness & Mutations

Your plain brown scales are hard. (AC +5)
You cannot fit into any form of body armour.
You are cold-blooded and may be slowed by cold attacks.


Message History

The orc shouts!
An orc priest and an orc come into view.
The foxfire hits the orc but does no damage.
Casting: Foxfire (safe; 5% risk of failure)
Confirm with . or Enter, or press ? or * to list all spells.
You conjure some foxfire!
The orc priest shouts!
You hit the orc but do no damage.
You tail-slap the orc, but do no damage.
The foxfire hits the orc but does no damage.
The foxfire hits the orc.
You kill the orc!
The orc hits you from afar with a +0 trident.
Casting: Foxfire (safe; 5% risk of failure)
Confirm with . or Enter, or press ? or * to list all spells.
You conjure some foxfire!
The foxfire hits the orc.
The orc is moderately wounded.
The orc barely misses you.
You closely miss the orc.
The orc is moderately wounded.
The foxfire hits the orc.
The orc is severely wounded.
The orc closely misses you.
Casting: Foxfire (safe; 5% risk of failure)
Confirm with . or Enter, or press ? or * to list all spells.
Flames lash the orc.
The orc is heavily wounded.
The orc's fire resistance burns away.
The orc barely misses you.
The orc hits you from afar with a +0 trident.
The orc priest hits you with a +0 flail.
Casting: Scorch (safe; 6% risk of failure)
Confirm with . or Enter, or press ? or * to list all spells.
You conjure some foxfire!
The orc hits you with a +0 hand axe. The orc hits you but does no damage.
Your foxfire dissipates!
Found a scale mail.
The foxfire hits the orc.
You kill the orc!
The orc priest mumbles some strange prayers to Beogh against you.
Beogh smites you!
You die...

#......... #.......#
#.......#
#.......#####
#####....†.....####
#>................
#...............
#.######.##.#'####
#.# #.......@§...#
#.###.##.##o.....#
#.....##+##oo.......
####.....#
........#..
#........#..........#
[
#.##.....#....#######
##.##..........
...##.....#....
#####.....#....


You could see an orc priest and 2 orcs.

Vanquished Creatures
  6 adders
  2 worms (D:2)
  2 orcs (D:3)
  5 bats
  5 endoplasms
  2 giant cockroaches (D:1)
  7 goblins
  7 hobgoblins
  9 kobolds
  6 ball pythons
  4 frilled lizards (D:1)
  5 rats
60 creatures vanquished.

Vanquished Creatures (others)
  75 foxfires
75 creatures vanquished.

Grand Total: 135 creatures vanquished

Notes
Turn   | Place    | Note
-------+----------+-------------------------------------------
     0 | D:1      | croobank the Draconian Fire Elementalist began the quest
                  | for the Orb.
     0 | D:1      | Reached XP level 1. HP: 14/14 MP: 3/3
   404 | D:1      | Reached XP level 2. HP: 20/20 MP: 3/5
   571 | D:1      | Learned a level 2 spell: Scorch
   761 | D:1      | Reached XP level 3. HP: 26/26 MP: 2/6
  1035 | D:1      | You fall into a shaft and drop 1 floor!
  1274 | D:2      | Found a faded altar of an unknown god.
  1508 | D:2      | Reached XP level 4. HP: 33/33 MP: 2/7
  2343 | D:3      | Learned a level 4 spell: Flame Wave
  2411 | D:3      | Killed from afar by an orc priest

Illustrated notes

Levels and vault maps discovered:
D:1:      dpeg_arrival_simpleton_c, layout_loops_cross, skrybe_limestone_x,
          st_stairs_9, eino_curves_02
D:2:      layout_loops_corners, nicolae_ecumenical_snake_handling
D:3:      layout_basic, evilmike_ruin_ashenzari,
          nicolae_hepliaklqana_ecumenical_no_more

Skill      XL: |  1  2  3  4 |
---------------+-------------+-----
Stealth        | 2 |  2.6
Dodging        | 2 |  2.5
Conjurations   | 2 |  2.2
Spellcasting   | |  2.6
Fire Magic     | |  3.6

Action                   |  1- 3 |  4- 6 || total
-------------------------+-------+-------++-------
Melee: Unarmed           |     8 |       ||     8
       Tailslap          |     3 |     2 ||     5
       Mace              |     9 |       ||     9
       Flail             |     7 |       ||     7
       Short sword       |    29 |    15 ||    44
 Cast: Foxfire           |    36 |    13 ||    49
       Scorch            |     9 |     5 ||    14
Armor: Skin              |    18 |     3 ||    21
Dodge: Dodged            |    44 |    13 ||    57

Table legend: (Time is in decaauts)
 A = Elapsed time spent in this place.
 B = Non-inter-level travel time spent in this place.
 C = Inter-level travel time spent in this place.
 D = Time resting spent in this place.
 E = Time spent auto-exploring this place.
 F = Levels seen in this place.
 G = Mean time per level.
                   A        B        C        D        E       F      G
               +--------+--------+--------+--------+--------+-----+--------+
         Total |   2423 |   2405 |     18 |    124 |   1813 |   3 |  807.7 |
       Dungeon |   2423 |   2405 |     18 |    124 |   1813 |   3 |  807.7 |
               +--------+--------+--------+--------+--------+-----+--------+

Top non-repeatable levels by time:
     D:2: 1199 daAuts
     D:1: 1045 daAuts
     D:3: 178 daAuts
